 Dungeon Crawl Stone Soup version 0.30-b1-2-g02819fbbbe (webtiles) character file.

Game seed: 17703464637963436506

230 Alarkh the Insei (level 5, -20/41 HPs)
             Began as a Demonspawn Delver on May 22, 2023.
             Killed by an exploding ogre (25 damage)
             ... ignited by their inner flame
             ... on level 4 of the Dungeon.
             The game lasted 00:01:43 (479 turns).

Alarkh the Insei (Demonspawn Delver)                 Turns: 479, Time: 00:01:43

Health: -20/41     AC:  9    Str: 12    XL:     5   Next: 72%
Magic:  5/5        EV: 11    Int: 13    God:
Gold:   14         SH:  0    Dex: 15    Spells: 4/4 levels left

rFire   . . .        j - +0 trident
rCold   . . .        (no shield)
rNeg    . . .        a - +0 leather armour
rPois   .            (no helmet)
rElec   .            (no cloak)
rCorr   .            (no gloves)
SInv    .            (no boots)
Will    .....        (no amulet)
Stlth   +++          (no ring)
HPRegen 0.26/turn    (no ring)
MPRegen 0.09/turn

%: no passive effects
@: sanguine armoured
A: sanguine armour 1
a: no special abilities


You were on level 4 of the Dungeon.
You visited 1 branch of the dungeon, and saw 2 of its levels.

You collected 14 gold pieces.

Inventory:

Hand Weapons
 j - a +0 trident (weapon)
Armour
 a - a +0 leather armour (worn)
Wands
 f - a wand of digging (3)
Scrolls
 b - a scroll of fog
 c - a scroll of magic mapping
 d - a scroll of fear
 h - a scroll of summoning {unknown}
 i - a scroll of teleportation {unknown}


   Skills:
 - Level 3.0 Fighting
 - Level 1.7 Dodging
 - Level 4.5 Stealth
 + Level 5.5 Unarmed Combat


You had 4 spell levels left.
You didn't know any spells.
Your spell library was empty.

Dungeon Overview and Level Annotations

Branches:
Dungeon (5/15)
 Temple: D:4-7

Altars:

Annotations:
D:5 2 transporters, dxctxrx's ghost, novice DjHW


Innate Abilities, Weirdness & Mutations

When seriously injured, your blood forms armour. (AC +6)


Message History

Found a stone staircase leading up.
You barely miss the ogre.
The endoplasm quivers.
The ogre hits you with a +0 giant club!!
Ouch! That really hurt!
* * * LOW HITPOINT WARNING * * *
Your blood congeals into armour.
You are too injured to fight recklessly!
You are too injured to fight recklessly!
You are too injured to fight recklessly!
There is a stone staircase leading down here.
You aren't carrying any potions.
As you read the scroll labelled XIAH CUTZUITIT, it crumbles to dust.
The creatures around you are filled with an inner flame!
It was a scroll of immolation.
Reach: j) +0 trident
Press: ? - help, Dir - move target, f - endoplasm
Aim: an endoplasm (inner flame, about 15% to evade your +0 trident)
You reach to attack!
You completely miss the endoplasm. The ogre hits you with a +0 giant club!
* * * LOW HITPOINT WARNING * * *
Reach: j) +0 trident
Press: ? - help, Dir - move target, f/p - endoplasm
Aim: an endoplasm (inner flame, about 15% to evade your +0 trident)
The ogre is in the way.
You hit the ogre.
Flame seeps out of the ogre.
The ogre is lightly wounded.
The ogre is engulfed in blazing flames.
Flame seeps out of the ogre.
The ogre barely misses you.
Reach: j) +0 trident
Press: ? - help, Dir - move target, f/p - endoplasm
Aim: an endoplasm (inner flame, about 15% to evade your +0 trident)
You reach to attack!
You hit the endoplasm.
Flame seeps out of the endoplasm.
The endoplasm is heavily wounded.
The endoplasm is engulfed in blazing flames.
The endoplasm explodes!
The fiery explosion engulfs the ogre!!
The ogre explodes!
The fiery explosion engulfs you!!
Ouch! That really hurt!
You die...

###################
........§○°@.......
###....###########
#...># #....#
#....# #....#
#...... #........
#....#.....


There were no monsters in sight!

Vanquished Creatures
  2 ogres
  A phantom (D:5)
  2 hounds (D:5)
  2 adders (D:5)
  An endoplasm (D:4)
8 creatures vanquished.

Notes
Turn   | Place    | Note
-------+----------+-------------------------------------------
     0 | D:5      | Alarkh the Demonspawn Delver began the quest for the Orb.
     0 | D:5      | Reached XP level 1. HP: 18/18 MP: 1/1
    36 | D:5      | Noticed a killer bee
    37 | D:5      | Noticed a killer bee
    43 | D:5      | Noticed a killer bee
    44 | D:5      | Noticed dxctxrx's ghost (novice DjHW)
    44 | D:5      | Noticed a killer bee
    45 | D:5      | Found a transporter.
    45 | D:5      | Noticed a killer bee
    50 | D:5      | Found a transporter.
    58 | D:5      | Noticed a killer bee
    59 | D:5      | Noticed a killer bee
    65 | D:5      | Noticed an iguana
    72 | D:5      | Noticed an ogre
    85 | D:5      | Reached skill level 2 in Unarmed Combat
    85 | D:5      | Gained mutation: When seriously injured, your blood forms
                  | armour. (AC +6) [demonic ancestry]
    85 | D:5      | Reached XP level 2. HP: 13/24 MP: 2/2
   113 | D:5      | Killed an ogre
   114 | D:5      | Reached skill level 4 in Unarmed Combat
   114 | D:5      | Reached XP level 3. HP: 17/29 MP: 3/3
   114 | D:5      | Reached XP level 4. HP: 21/35 MP: 4/4
   280 | D:5      | Noticed a phantom
   302 | D:5      | Killed a phantom
   303 | D:5      | Reached skill level 5 in Unarmed Combat
   303 | D:5      | Reached XP level 5. HP: 27/41 MP: 5/5
   465 | D:4      | Noticed an ogre
   479 | D:4      | Killed an ogre
   479 | D:4      | Killed by an exploding ogre... ignited by their inner flame

Illustrated notes

Levels and vault maps discovered:
D:4:      layout_rooms, mainiacjoe_overflow_chevrons
D:5:      layout_basic, gammafunk_ghost_hive, reono_crystal_passage,
          solitary_fountain, feat_on_display

Skill      XL: |  1  2  3  4 |
---------------+-------------+-----
Unarmed Combat | 2 4 5 |  5.5
Fighting       | |  3.0
Dodging        | |  1.7
Stealth        | |  4.5

Action                     |  1- 3 |  4- 6 || total
---------------------------+-------+-------++-------
  Melee: Trident           |    16 |    51 ||    67
    Use: Potion            |     2 |       ||     2
         Scroll            |       |     1 ||     1
   Stab: Sleeping          |       |     1 ||     1
 Armour: Leather armour    |     1 |    26 ||    27
  Dodge: Dodged            |     4 |    23 ||    27
